Map: Apotheosis LE

Players

Mikus - Winner!

  • Race: Protoss Protoss
  • League: Gold

Gracz

  • Race: Zerg Zerg
  • League: Silver

VOD

Have the link to the VOD?

Description

Time

  • Played on: Oct. 18, 2016, 2:34 p.m.
  • Length: 22:02
Show
View Real Time Build Order
Export as new Build Order

Mikus Protoss - Winner!

Build Orders: Cannon Rush 

Get SALT Encoding   

  12  0:04  Probe (Chrono Boost)  
  13  0:15  Probe (Chrono Boost)  
  14  0:24  Pylon  
  14  0:25  Probe (Chrono Boost)  
  15  0:34  Pylon  
  15  0:47  Forge  
  15  0:53  Pylon  
  15  1:08  Gateway  
  15  1:16  Probe (Chrono Boost)  
  16  1:25  Photon Cannon  
  16  1:27  Probe (Chrono Boost)  
  17  1:41  Photon Cannon  
  17  1:44  Probe (Chrono Boost)  
  18  1:57  Photon Cannon  
  18  1:58  Zealot  
  20  2:11  Assimilator  
  20  2:13  Probe (Chrono Boost)  
  21  2:15  Assimilator  
  21  2:24  Probe (Chrono Boost), Zealot  
  24  2:39  Probe (Chrono Boost)  
  26  2:51  Probe (Chrono Boost)  
  26  2:52  Nexus  
  26  2:57  Zealot  
  29  3:07  Probe (Chrono Boost)  
  29  3:37  Pylon  
  29  3:42  Cybernetics Core  
  29  3:47  Zealot  
  31  4:05  Probe (Chrono Boost)  
  32  4:12  Probe (Chrono Boost)  
  32  4:16  Probe (Chrono Boost)  
  35  4:24  Probe (Chrono Boost)  
  35  4:26  Probe (Chrono Boost)  
  35  4:27  Assimilator  
  35  4:29  Assimilator  
  36  4:36  Probe (Chrono Boost)  
  36  4:37  Probe (Chrono Boost)  
  38  4:40  Stargate  
  38  4:48  Probe x2 (Chrono Boost)  
  38  4:49  Stargate  
  40  4:53  Pylon  
  40  4:58  Probe (Chrono Boost)  
  42  5:00  Probe (Chrono Boost)  
  42  5:07  Stargate  
  42  5:09  Probe (Chrono Boost)  
  42  5:13  Stargate  
  43  5:27  Zealot  
  43  5:30  Photon Cannon  
  41  5:47  Photon Cannon  
  41  5:53  Pylon  
  41  5:57  Void Ray  
  41  5:59  Void Ray  
  45  6:05  Void Ray  
  45  6:10  Pylon  
  47  6:23  Photon Cannon  
  47  6:27  Pylon, Zealot  
  49  6:38  Twilight Council  
  49  6:42  Probe (Chrono Boost)  
  50  6:50  Pylon  
  51  6:54  Probe (Chrono Boost), Void Ray  
  55  7:06  Probe (Chrono Boost)  
  56  7:18  Probe (Chrono Boost)  
  56  7:20  Photon Cannon  
  58  7:30  Dark Shrine, Probe (Chrono Boost)  
  56  7:46  Photon Cannon  
  56  7:54  Void Ray  
  56  7:55  Void Ray  
  56  7:59  Void Ray  
  56  8:01  Void Ray  
  72  8:24  Pylon  
  72  8:27  Pylon  
  72  8:32  Probe (Chrono Boost)  
  73  8:38  Dark Templar  
  73  8:44  Probe (Chrono Boost)  
  77  8:57  Protoss Air Weapons Level 1, Probe (Chrono Boost)  
  77  9:08  Void Ray  
  77  9:11  Protoss Shields Level 1  
  77  9:13  Dark Templar  
  83  9:41  Robotics Facility  
  83  10:01  Dark Templar  
  85  10:35  Dark Templar  
  81  11:31  Void Ray  
  81  11:34  Void Ray  
  81  11:35  Void Ray x2  
  97  11:45  Dark Templar  
  97  11:52  Observer  
  100  12:19  Dark Templar  
  100  12:21  Protoss Air Armor Level 1  
  102  12:33  Pylon  
  102  12:35  Pylon  
  102  12:37  Pylon  
  102  12:46  Warp Prism  
  104  13:35  Dark Templar, Void Ray x4  
  122  13:57  Nexus  
  122  14:06  Nexus  
  122  14:09  Dark Templar  
  115  15:14  Void Ray x4  
  131  15:31  Assimilator  
  131  15:35  Assimilator  
  124  16:10  Pylon  
  124  16:28  Fleet Beacon  
  124  16:44  Assimilator  
  125  16:48  Probe (Chrono Boost)  
  125  16:49  Assimilator  
  125  16:51  Probe (Chrono Boost)  
  126  16:54  Dark Templar  
  126  17:00  Probe (Chrono Boost)  
  129  17:03  Probe (Chrono Boost)  
  129  17:06  Pylon  
  129  17:08  Pylon  
  130  17:09  Pylon  
  130  17:12  Probe (Chrono Boost)  
  130  17:13  Pylon  
  132  17:15  Probe (Chrono Boost)  
  132  17:18  Void Ray x2  
  136  17:24  Probe (Chrono Boost), Void Ray x2  
  136  17:27  Probe (Chrono Boost)  
  136  17:28  Dark Templar  
  150  17:30  Stargate  
  150  17:31  Stargate  
  150  17:35  Stargate  
  150  17:37  Probe (Chrono Boost)  
  153  17:39  Probe (Chrono Boost)  
  153  17:43  Stargate  
  154  17:49  Probe (Chrono Boost)  
  156  17:52  Probe (Chrono Boost)  
  156  17:53  Protoss Air Weapons Level 2  
  156  17:58  Protoss Shields Level 2  
  156  18:00  Cybernetics Core  
  156  18:01  Probe (Chrono Boost)  
  156  18:02  Dark Templar  
  156  18:04  Probe (Chrono Boost)  
  161  18:13  Probe (Chrono Boost)  
  161  18:16  Probe (Chrono Boost)  
  161  18:19  Void Ray  
  162  18:22  Void Ray x3  
  162  18:25  Probe (Chrono Boost)  
  180  18:28  Probe (Chrono Boost)  
  180  18:43  Pylon  
  180  18:45  Pylon  
  180  18:46  Pylon, Protoss Air Armor Level 2  
  180  19:56  Nexus  
  128  20:35  Void Ray x2  
  128  20:40  Void Ray x3  
  128  20:41  Void Ray x3  
  160  20:51  Assimilator  
  160  20:55  Assimilator  
  158  21:24  Probe (Chrono Boost)  
  159  21:34  Probe (Chrono Boost)  
  160  21:45  Probe (Chrono Boost)  
Show
View Real Time Build Order
Export as new Build Order

Gracz Zerg 

Build Orders: Hatch First 

Get SALT Encoding   

  12  0:03  Drone  
  13  0:11  Drone  
  14  0:22  Overlord  
  14  0:52  Drone x2  
  16  0:57  Extractor, Drone  
  16  0:59  Hatchery  
  15  1:04  Drone  
  16  1:15  Drone  
  17  1:22  Spawning Pool  
  16  1:35  Drone x2  
  18  1:46  Drone  
  19  1:51  Extractor  
  18  2:05  Hatchery  
  17  2:08  Drone  
  18  2:17  Metabolic Boost  
  18  2:20  Drone  
  19  2:29  Drone x2  
  21  2:41  Queen  
  23  2:45  Zergling x2  
  23  2:49  Zergling x2  
  25  2:55  Drone  
  25  2:56  Drone  
  27  3:19  Roach Warren, Drone  
  27  3:21  Drone  
  27  3:26  Zergling x2  
  29  3:27  Zergling x4  
  31  3:37  Queen  
  33  3:51  Drone  
  33  3:55  Overlord  
  34  4:13  Queen  
  36  4:18  Roach  
  36  4:19  Roach x2  
  36  4:21  Overlord  
  36  4:23  Overlord x2  
  42  4:30  Lair  
  42  4:40  Roach  
  42  4:43  Roach  
  42  4:44  Roach  
  48  4:48  Roach  
  48  4:50  Zergling x2  
  51  4:53  Zergling x2  
  52  5:05  Roach x3  
  54  5:24  Roach  
  54  5:25  Queen  
  57  5:42  Roach  
  57  5:43  Roach  
  57  5:46  Drone  
  57  5:47  Drone x6  
  64  5:51  Roach  
  62  6:23  Queen  
  60  6:28  Drone x5  
  65  6:34  Queen, Infestation Pit  
  65  6:39  Evolution Chamber  
  65  6:43  Hydralisk Den  
  65  6:44  Drone x2  
  66  6:48  Overlord x3  
  66  7:07  Zergling x12  
  72  7:19  Extractor  
  72  7:21  Extractor  
  67  7:30  Hatchery  
  59  7:42  Queen  
  59  7:43  Roach  
  59  7:44  Roach x4  
  69  7:48  Drone x7  
  76  7:57  Lurker Den  
  76  8:00  Zerg Melee Weapons Level 1  
  76  8:03  Hydralisk Den  
  76  8:04  Ravager x3  
  76  8:05  Ravager  
  79  8:06  Ravager  
  79  8:09  Roach  
  79  8:11  Roach  
  84  8:17  Queen  
  86  8:21  Roach  
  88  8:28  Drone  
  88  8:29  Drone  
  88  8:30  Overlord  
  88  8:31  Overlord x2  
  90  8:40  Hive  
  90  8:49  Evolution Chamber  
  89  9:00  Drone x5  
  89  9:01  Drone x3  
  97  9:06  Roach x3  
  103  9:19  Queen  
  103  9:22  Ravager x2  
  103  9:23  Ravager x2  
  109  9:27  Hydralisk, Extractor  
  109  9:28  Hydralisk, Extractor  
  108  9:40  Ravager x2  
  83  10:00  Drone x3  
  86  10:10  Overseer x2  
  86  10:18  Spore Crawler  
  86  10:19  Spore Crawler  
  86  10:21  Drone  
  85  10:26  Spore Crawler  
  82  10:43  Hatchery  
  50  11:34  Spire  
  50  11:39  Ultralisk Cavern  
  48  11:54  Overseer  
  48  11:55  Hatchery  
  48  12:00  Drone  
  48  12:01  Queen  
  48  12:08  Drone x4  
  51  12:09  Drone x5  
  59  12:19  Drone x2  
  59  12:21  Spore Crawler  
  60  12:28  Queen  
  60  12:29  Queen x2  
  64  12:44  Spore Crawler  
  64  12:45  Spore Crawler  
  68  13:04  Queen  
  64  13:17  Queen  
  66  13:20  Corruptor  
  66  13:21  Corruptor x9  
  66  13:23  Ultralisk, Corruptor  
  66  13:24  Corruptor  
  96  13:27  Overlord x4  
  96  13:28  Overlord x2  
  98  14:10  Ultralisk  
  98  14:11  Ultralisk x6  
  98  14:12  Corruptor  
  98  14:13  Corruptor  
  98  14:15  Overlord x4  
  142  14:29  Overlord, Corruptor x3  
  85  15:04  Corruptor x3  
  59  15:52  Corruptor x9  
  55  16:00  Queen  
  55  16:01  Queen x2  
  61  16:05  Greater Spire  
  61  16:29  Overseer x2  
  61  16:31  Overlord  
  61  16:34  Hatchery  
  61  16:35  Drone x2  
  61  16:36  Queen, Drone  
  65  16:59  Queen  
  65  17:01  Mutalisk x3  
  73  17:08  Queen  
  75  17:22  Overseer x2  
  75  17:23  Overseer  
  75  17:30  Corruptor  
  77  17:39  Extractor  
  77  17:41  Drone  
  77  17:42  Extractor  
  77  17:43  Drone  
  77  17:44  Drone x4  
  81  17:51  Queen  
  83  18:19  Mutalisk  
  83  18:20  Mutalisk x6  
  97  18:38  Mutalisk x5  
  107  18:43  Overseer  
  107  18:44  Overseer  
  107  18:53  Queen x2  
  111  19:07  Queen x2  
  115  19:36  Mutalisk x7  
  57  20:27  Mutalisk x3  
  57  20:28  Mutalisk x7  
  61  20:35  Overseer  
  61  20:37  Overseer  
  59  21:04  Pneumatized Carapace  
  59  21:25  Extractor, Spore Crawler  
  58  21:26  Spore Crawler  
  58  21:29  Hatchery  
  58  21:30  Spore Crawler  
  54  21:32  Extractor  
  54  21:33  Drone  
  54  21:43  Spore Crawler  
Tags
 
Add a new tag
Caveats
  • Supply blocks, unpowered buildings, or Contaminate may cause inaccurate times.
  • Supply counts are checked every 10 seconds.